 Dungeon Crawl Stone Soup version 0.17-a0-2208-ge5ab1d3 (webtiles) character file.

143 septik the Twirler (level 5, -7/42 HPs)
             Began as a Minotaur Gladiator on Oct 26, 2015.
             Mangled by Crazy Yiuf
             ... wielding a +3 quarterstaff of chaos
              (13 damage)
             ... on level 3 of the Dungeon.
             The game lasted 00:09:29 (2515 turns).

septik the Twirler (Minotaur Gladiator)             Turns: 2515, Time: 00:09:29

Health: -7/42      AC:  3    Str: 19    XL:     5   Next: 4%
Magic:  4/4        EV: 12    Int:  5    God:
Gold:   248        SH:  0    Dex: 12    Spells: 0 memorised, 4 levels left

rFire  . . .     SeeInvis .     a - +0 quarterstaff
rCold  . . .     Clarity  .     l - -2 ring mail (curse)
rNeg   . . .     SustAt   .     (no shield)
rPois  .         Gourm    .     c - +0 hat
rElec  .         Spirit   .     (no cloak)
rCorr  .         Warding  .     (no gloves)
rMut   .         Stasis   .     (no boots)
MR     .....                    (no amulet)
Stlth  +.........               (no ring)
                                (no ring)

@: not resistant to hostile enchantments, very unstealthy
A: retaliatory headbutt, horns 2
a: no special abilities


You were on level 3 of the Dungeon.
You were not hungry.

You visited 1 branch of the dungeon, and saw 3 of its levels.

You collected 248 gold pieces.

Inventory:

Hand Weapons
 a - a +0 quarterstaff (weapon)
Missiles
 d - 3 throwing nets (quivered)
 j - 93 stones
Armour
 b - a +0 leather armour
 c - a +0 hat (worn)
 g - a +0 ring mail
 h - a +0 pair of boots
 l - a cursed -2 ring mail (worn)
Jewellery
 v - a +5 ring of strength {unknown}
 y - a cursed ring of loudness {unknown}
Scrolls
 k - 2 scrolls of teleportation
 n - a scroll of magic mapping {unknown}
 r - a scroll of remove curse {unknown}
 s - 3 scrolls of identify {unknown}
 w - a scroll of random uselessness {unknown}
 B - a scroll of amnesia
Potions
 f - a potion of resistance {unknown}
 m - 3 potions of curing {unknown}
 o - a potion of might {unknown}
 p - a potion of cure mutation {unknown}
 q - a potion of mutation {unknown}
 u - 2 potions of invisibility {unknown}
 A - 2 potions of lignification {unknown}
Comestibles
 e - 2 bread rations
 i - 3 meat rations
 t - 3 fruits
 x - 4 chunks of flesh
 z - a beef jerky


   Skills:
 - Level 2.4 Fighting
 * Level 5.8 Staves
 - Level 2.0 Throwing
 + Level 2.1 Armour
 + Level 4.2 Dodging


You had 4 spell levels left.
You didn't know any spells.

Dungeon Overview and Level Annotations

Branches:
Dungeon (3/15)

Altars:
Nemelex Xobeh
Xom

Annotations:
D:3 Crazy Yiuf


Innate Abilities, Weirdness & Mutations

You reflexively headbutt those who attack you in melee.
You have a pair of horns on your head.


Message History

Crazy Yiuf is heavily wounded.
Crazy Yiuf hits you with a quarterstaff of chaos!
Space bends around you.
You barely miss Crazy Yiuf. Your headbutt misses Crazy Yiuf.
Crazy Yiuf is heavily wounded.
You closely miss Crazy Yiuf.
Crazy Yiuf is heavily wounded.
Crazy Yiuf closely misses you.
Crazy Yiuf says, "Tosser foot arm!"
Crazy Yiuf cries, "Flower hog tea!"
Crazy Yiuf yells, "Paint Xom cower!"
Crazy Yiuf says, "Liver chair tortoise!"
You barely miss Crazy Yiuf.
Crazy Yiuf is heavily wounded.
Crazy Yiuf hits you with a quarterstaff of chaos!
* * * LOW HITPOINT WARNING * * *
You hit Crazy Yiuf but do no damage.
Crazy Yiuf is heavily wounded.
Crazy Yiuf hits you with a quarterstaff of chaos!
You die...

#.....# #÷)...# #...# #.#
####### #.P.#####÷..####.#
##[###.......<....#
#......####.####### ##
#########.# #.# ..###
##....## #.# #.#
..'.####.....(# #.# #.#
..##..#.......###.####.####.#
## ###.#.......g@......)<...#
########################


You could see Crazy Yiuf.

Vanquished Creatures
  4 gnolls (D:3)
  5 adders
  A worm (D:2)
  3 giant geckos
  7 hobgoblins
  A quokka (D:2)
  6 bats
  9 giant newts
  2 goblins
  11 kobolds
  9 rats
58 creatures vanquished.

Vanquished Creatures (others)
  3 plants (D:3)
3 creatures vanquished.

Grand Total: 61 creatures vanquished

Notes
Turn   | Place    | Note
--------------------------------------------------------------
     0 | D:1      | septik the Minotaur Gladiator began the quest for the Orb.
     0 | D:1      | Reached XP level 1. HP: 18/18 MP: 0/0
   206 | D:1      | Reached XP level 2. HP: 25/25 MP: 1/1
   279 | D:1      | Reached skill level 4 in Staves
   314 | D:1      | Reached skill level 1 in Armour
   937 | D:2      | Reached XP level 3. HP: 26/30 MP: 2/2
  1262 | D:2      | Reached XP level 4. HP: 33/37 MP: 3/3
  1340 | D:2      | Reached skill level 5 in Staves
  1906 | D:3      | Found a sparkling altar of Nemelex Xobeh.
  2324 | D:3      | Reached XP level 5. HP: 42/42 MP: 4/4
  2331 | D:3      | Found a shimmering altar of Xom.
  2493 | D:3      | Noticed Crazy Yiuf
  2515 | D:3      | Mangled by Crazy Yiuf

Vault maps used:
D:1:      sevenhm_arrival_forest_fort_small_3, st_stairs_9
D:2:      first_bread, minmay_unequal
D:3:      marbit_many_paths, nemelex_xobeh_ov_fountains_minmay,
          minmay_lizard_king, uniq_crazy_yiuf_cottage

Action                   |  1- 3 |  4- 6 || total
-------------------------+-------+-------++-------
Melee: Quarterstaff      |    70 |    70 ||   140
  Use: Scroll            |     3 |       ||     3
  Eat: Chunk             |     1 |       ||     1
       Bread ration      |       |     1 ||     1
